 Dungeon Crawl Stone Soup version 0.30-a0-591-g3c58d2bc28 (webtiles) character file.

Game seed: 9354076293673315490

30 kae the Insei (level 3, -1/26 HPs)
             Began as a Demonspawn Transmuter on Jan 5, 2023.
             Slain by an adder (3 damage)
             ... on level 2 of the Dungeon.
             The game lasted 00:01:03 (982 turns).

kae the Insei (Demonspawn Transmuter)                Turns: 982, Time: 00:01:04

Health: -1/26      AC:  2    Str: 10    XL:     3   Next: 5%
Magic:  5/6        EV: 12    Int: 16    God:
Gold:   90         SH:  0    Dex: 13    Spells: 5/6 levels left

rFire   . . .      SeeInvis .      - Unarmed
rCold   . . .      Faith    .    (no shield)
rNeg    . . .      Spirit   .    a - +0 robe
rPois   .          Reflect  .    (helmet currently unavailable)
rElec   .          Harm     .    (no cloak)
rCorr   .          Rampage  .    (no gloves)
Will    .....                    (boots currently unavailable)
Stlth   +                        (no amulet)
HPRegen 0.24/turn                (no ring)
MPRegen 0.10/turn                (no ring)

@: lethally poisoned (-1 -> -2), appendages, attractive
A: horns 2, talons 2, powered by death 1
a: End Transformation


You were on level 2 of the Dungeon.
You had temporarily grown beastly horns and talons.
You visited 1 branch of the dungeon, and saw 3 of its levels.

You collected 90 gold pieces.


Innate Abilities, Weirdness & Mutations

You have temporarily grown beastly horns and talons.
You regenerate a little health from kills.


   Skills:
 - Level 1.0 Fighting
 - Level 1.7 Dodging
 + Level 3.0 Unarmed Combat
 + Level 2.3 Spellcasting
 * Level 2.6 Transmutations


You had 5 spell levels left.
You knew the following spells:

 Your Spells              Type           Power      Damage    Failure   Level
a - Beastly Appendage     Tmut           20%        N/A       7%          1

Your spell library contained the following spells:

 Spells                   Type           Power      Damage    Failure   Level
 Wereblood                Tmut           10%        N/A       11%         2
 Spider Form              Tmut/Pois      6%         N/A       34%         3
 Ice Form                 Ice/Tmut       6%         N/A       75%         4

Inventory:

Missiles
 e - 18 stones
 h - 4 boomerangs
 m - 6 poisoned darts
Armour
 a - a +0 robe (worn)
Jewellery
 F - a ring of fire
   (You found it on level 3 of the Dungeon)
Wands
 d - a wand of paralysis (3)
   (You found it on level 3 of the Dungeon)
 l - a wand of flame (9)
   (You found it on level 3 of the Dungeon)
Potions
 b - a potion of lignification {!q}
 c - a potion of resistance {unknown}
 f - 2 potions of curing {unknown}
 g - a potion of brilliance {unknown}
 i - a potion of mutation {!q}
 j - a potion of might {unknown}
 k - a potion of flight {unknown}

Dungeon Overview and Level Annotations

Branches:
Dungeon (3/15) Zot: 17022

Altars:

,,,,,,,****#.......### #######.##
,,,,,,,* #.......# ##.......##
,,,,,,,* #.......# #...#######
,,,,,,,* #.......# #...#######
,,,,,,.** #.......####......#<..
**,,,,..##*#######.##..........##
******...##* #.##.#...##.#.#
**#...######.##.#...##...#
**#....S@.....#...######
#...........##### ##..........#
#†#####.##.# #######)## #.##.#**
#........# #.##..,*
#........#**#.####.*
#..........,...,,,.#
#.............#****#


You could see an adder.


Message History

MASSIVE DAMAGE!! (PAUSE) Unknown command.
You barely miss the adder. Your kick misses the adder.
You feel sick. The adder bites you.
You are more poisoned.
The adder poisons you! 😮 HP[-3]
You take 3 damage, and now have 13/21 hp.
You closely miss the adder.
Your transformation is almost over.
You feel sick. The adder misses you. 😮 HP[-2]
You take 2 damage, and now have 11/21 hp.
You barely miss the adder.
You feel sick. The adder barely misses you.
The adder closely misses you. 😨 HP[-2]
You take 2 damage, and now have 9/21 hp.
You barely miss the adder.
You feel sick. The adder misses you.
Unknown command.
You closely miss the adder. Your headbutt misses the adder.
You feel sick. The adder closely misses you. 😨 HP[-1]
You take 1 damage, and now have 8/21 hp.
Unknown command.
Unknown command.
You hit the adder but do no damage. You claw the adder.
You feel sick. The adder bites you.
* * * LOW HITPOINT WARNING * * *
😱 HP[-3] MP[+1]
You take 3 damage, and now have 5/21 hp.
Your mp is fully restored (5).
Unknown command.
You miss the adder. Your kick misses the adder. Your headbutt misses the adder.
You feel sick. The adder closely misses you. 😱 HP[-1]
You take 1 damage, and now have 4/21 hp.
Unknown command.
You miss the adder.
You feel sick. The adder bites you but does no damage.
The adder closely misses you. 😱 HP[-1]
You take 1 damage, and now have 3/21 hp.
Unknown command.
You closely miss the adder. You claw the adder.
You kill the adder!
You feel sick.
You are no longer poisoned.
Your Unarmed Combat skill increases to level 3!
You have reached level 3!
Your experience leads to an increase in your attributes!
Increase (S)trength, (I)ntelligence, or (D)exterity?
You feel clever. x2 😱 HP[+2] MP[+1]
You now have 26 max hp (+5).
You regained 2 hp, and now have 5/26 hp.
Your mp is fully restored (6).
n - a black potion 😨 HP[+2]
You regained 2 hp, and now have 7/26 hp.
There are no items here.
Your horns disappear.
Your talons disappear. 😨 HP[+1] 😨 HP[+1] It was a potion of attraction.
You feel attractive to monsters. The adder is attracted toward you.
You closely miss the adder. The adder misses you.
You closely miss the adder. The adder closely misses you. x2
Casting: Beastly Appendage (safe; 7% risk of failure)
Confirm with . or Enter, or press ? or * to list all spells.
You grow a pair of large bovine horns.
Your feet morph into talons.
The adder barely misses you.
The adder bites you but does no damage. 😨 HP[+1] MP[-1]
You lost 1 mp, and now have 5/6 mp.
You miss the adder. Your headbutt misses the adder.
The adder completely misses you. The adder bites you.
* * * LOW HITPOINT WARNING * * *
You are poisoned.
The adder poisons you! 😨 HP[-2]
You take 2 damage, and now have 8/26 hp.
You completely miss the adder.
You feel sick. The adder misses you. 😱 HP[-2]
You take 2 damage, and now have 6/26 hp.
You hit the adder. Your kick misses the adder.
You feel sick. The adder closely misses you.
Unknown command.
You barely miss the adder. Your kick misses the adder.
You feel sick.
The adder bites you but does no damage. 😱 HP[-1]
You take 1 damage, and now have 5/26 hp.
You hit the adder. The adder bites you.
* * * LOW HITPOINT WARNING * * *
😱 HP[-2]
You take 2 damage, and now have 3/26 hp.
Unknown command.
You hit the adder. Your headbutt misses the adder.
* * * LOW HITPOINT WARNING * * *
You feel sick. The adder bites you but does no damage. The adder bites you.
You die...

Skill      XL: |  1  2 |
---------------+-------+-----
Transmutations | 2 |  2.6
Unarmed Combat | 3 |  3.0
Fighting       | |  1.0
Dodging        | |  1.7
Spellcasting   | |  2.3

Action                   || total
-------------------------++-------
Melee: Unarmed           ||    71
       Kick              ||    10
       Headbutt          ||     5
 Cast: Beastly Appendage ||    13
  Use: Scroll            ||     4
       Potion            ||     1
Armor: Robe              ||    14
Dodge: Dodged            ||    47

Levels and vault maps discovered:
D:1:      minmay_arrival_radiant_lines, layout_rooms, dk_noncrumbling_4,
          amcnicky_mini_rare_corridor_liquid, minmay_misc_feat_pillars
D:2:      layout_basic, uniq_crazy_yiuf_cottage
D:3:      layout_basic, vehumet_crystals, gammafunk_ghost_nasty_kobolds,
          minmay_ruptured

Notes
Turn   | Place    | Note
-------+----------+-------------------------------------------
     0 | D:1      | kae the Demonspawn Transmuter began the quest for the Orb.
     0 | D:1      | Reached XP level 1. HP: 15/15 MP: 3/3
     0 | D:1      | magus.rc [v1.11.3]
   276 | D:1      | Reached skill level 2 in Transmutations
   409 | D:1      | Gained mutation: You regenerate a little health from kills.
                  | [demonic ancestry]
   409 | D:1      | Reached XP level 2. HP: 20/21 MP: 3/5
   683 | D:2      | You fall into a shaft and drop 1 floor!
   964 | D:2      | HP: 5/21 [adder (2)]
   968 | D:2      | Reached skill level 3 in Unarmed Combat
   968 | D:2      | Reached XP level 3. HP: 5/26 MP: 6/6
   978 | D:2      | HP: 6/26 [poisoned by an adder]
   982 | D:2      | HP: 2/26 [poisoned by an adder]
   982 | D:2      | Slain by an adder

Vanquished Creatures
  An adder (D:2)
  A bat (D:1)
  An endoplasm (D:2)
  3 giant cockroaches
  A goblin (D:1)
  2 hobgoblins (D:1)
  A kobold (D:2)
  A quokka (D:3)
  3 ball pythons
  A frilled lizard (D:2)
  5 rats
20 creatures vanquished.

Table legend:
 A = Non-vault XP
 B = Vault XP
 C = Vault XP percentage of total XP
 D = Non-vault monster count
 E = Vault monster count
 F = Vault count percentage of total count
                 A         B        C        D         E       F
            +---------+---------+-------+---------+---------+-------
      Total |      39 |       5 |  11.4 |      17 |       3 |  15.0
            +---------+---------+-------+---------+---------+-------
        D:1 |      14 |       0 |   0.0 |       9 |       0 |   0.0
        D:2 |      23 |       0 |   0.0 |       7 |       0 |   0.0
        D:3 |       2 |       5 |  71.4 |       1 |       3 |  75.0
            +---------+---------+-------+---------+---------+-------

Illustrated notes

Table legend:
 A = Kills in this place as a percentage of kills in entire the game.
 B = Kills by you in this place as a percentage of kills by you in the entire game.
 C = Kills by friends in this place as a percentage of kills by friends in the entire game.
 D = Other kills in this place as a percentage of other kills in the entire game.
 E = Experience gained in this place as a percentage of experience gained in the entire game.
 F = Experience gained in this place divided by the number of levels of this place that you have seen.
                   A       B       C       D       E      F
               +-------+-------+-------+-------+-------+----------------------
         Total | 100.0 | 100.0 |   N/A |   N/A | 100.0 |  14.7
       Dungeon | 100.0 | 100.0 |   N/A |   N/A | 100.0 |  14.7
               +-------+-------+-------+-------+-------+----------------------

Table legend: (Time is in decaauts)
 A = Elapsed time spent in this place.
 B = Non-inter-level travel time spent in this place.
 C = Inter-level travel time spent in this place.
 D = Time resting spent in this place.
 E = Time spent auto-exploring this place.
 F = Levels seen in this place.
 G = Mean time per level.
                   A        B        C        D        E       F      G
               +--------+--------+--------+--------+--------+-----+--------+
         Total |    976 |    962 |     14 |    100 |    690 |   3 |  325.3 |
       Dungeon |    976 |    962 |     14 |    100 |    690 |   3 |  325.3 |
               +--------+--------+--------+--------+--------+-----+--------+

Top non-repeatable levels by time:
     D:1: 542 daAuts
     D:2: 239 daAuts
     D:3: 195 daAuts
